 Dungeon Crawl Stone Soup version 0.31.0-4-g52a2dc7128 (webtiles) character file.

Game seed: 1933129988616231343

108 Esekla the Magician (level 5, 0/37 HPs)
             Began as a Formicid Hedge Wizard on Jan 22, 2024.
             Killed from afar by a white imp (10 damage)
             ... with a puff of frost
             ... on level 5 of the Dungeon.
             The game lasted 00:17:44 (2834 turns).

Esekla the Magician (Formicid Hedge Wizard)         Turns: 2834, Time: 00:17:45

Health: 0/37       AC:  3    Str: 15    XL:     5   Next: 12%
Magic:  1/11       EV: 12    Int: 21    God:
Gold:   162        SH:  0    Dex: 13    Spells: 6/12 levels left

rFire   . . .        a - +0 dagger
rCold   . . .        (no shield)
rNeg    . . .        b - +0 robe
rPois   .            (helmet unavailable)
rElec   .            h - scarf {repulsion}
rCorr   .            (no gloves)
SInv    +            e - +0 pair of boots
Will    .....        (no amulet)
Stlth   ++           o - +6 ring of intelligence
HPRegen 0.26/turn    (no ring)
MPRegen 0.12/turn

%: repel missiles
@: no status effects
A: permanent stasis, dig shafts and tunnels, antennae 3, four strong arms
a: Dig, Shaft Self


You were on level 5 of the Dungeon.
You visited 1 branch of the dungeon, and saw 6 of its levels.

You collected 172 gold pieces.
You spent 10 gold pieces at shops.

Inventory:

Hand Weapons
 a - a +0 dagger (weapon)
Armour
 b - a +0 robe (worn)
 e - a +0 pair of boots (worn)
 h - a scarf of repulsion (worn)
Jewellery
 o - a +6 ring of intelligence (left hand)
Scrolls
 d - 3 scrolls of teleportation {unknown}
 f - 4 scrolls of identify {unknown}
 g - a scroll of amnesia {unknown}
 k - a scroll of vulnerability {unknown}
 m - a scroll of fog {unknown}
 n - a scroll of blinking {unknown}
Potions
 c - a potion of magic
 i - 2 potions of resistance {unknown}
 j - a potion of attraction {unknown}
 l - 2 potions of heal wounds {unknown}
 p - a potion of lignification {unknown}


   Skills:
 * Level 1.2 Fighting
 + Level 1.4 Short Blades
 * Level 0.5 Armour
 + Level 2.0 Dodging
 + Level 3.0 Stealth
 * Level 4.0 Spellcasting
 + Level 1.2 Conjurations
 + Level 1.0 Summonings
 + Level 0.8 Translocations
 * Level 0.9 Air Magic
 * Level 1.2 Alchemy


You had 6 spell levels left.
You knew the following spells:

 Your Spells              Type           Power      Damage    Failure   Level
a - Magic Dart            Conj           36%        1d4       7%          1
c - Mephitic Cloud        Conj/Alch/Air  9%         N/A       22%         3
v - Mercury Vapours       Alch/Air       16%        N/A       12%         2

Your spell library contained the following spells:

 Spells                   Type           Power      Damage    Failure   Level
 Sting                    Conj/Alch      36%        1d5       7%          1
 Slow                     Hex            16%        N/A       12%         1
 Call Imp                 Summ           16%        N/A       12%         2
 Cigotuvi's Dreadful Rot  Necr/Alch/Air  14%        N/A       14%         2
 Sublimation of Blood     Necr           4%         N/A       19%         2
 Olgreb's Toxic Radiance  Alch           9%         N/A       56%         4
 Petrify                  Alch/Erth      6%         N/A       67%         4
 Irradiate                Conj/Alch      4%         3d13      89%         5
 Blink                    Tloc           Unusable   N/A       N/A         2

Dungeon Overview and Level Annotations

Branches:
Dungeon (7/15)
 Temple: D:4-7

Altars:
Sif Muna
Wu Jian

Shops:
D:2 ?   D:7 =


Innate Abilities, Weirdness & Mutations

You cannot be hasted, slowed, berserked, paralysed or teleported.
You can dig through walls and to a lower floor.
You have a pair of large antennae on your head. (SInv)
Your four strong arms can wield two-handed weapons with a shield.


Message History

The puff of frost hits you!
You hit the white imp but do no damage.
The white imp is heavily wounded.
The white imp misses you.
You hit the white imp but do no damage.
The white imp is heavily wounded.
The white imp barely misses you.
You hit the white imp but do no damage. You punch the white imp.
The white imp is heavily wounded.
The white imp closely misses you.
You closely miss the white imp.
The white imp is heavily wounded.
The white imp barely misses you.
Your magical contamination has completely faded away.
You hit the white imp but do no damage.
The white imp is heavily wounded.
The white imp hits you but does no damage.
You closely miss the white imp.
The white imp is heavily wounded.
The white imp lashes its tail.
The white imp hits you. The white imp freezes you.
* * * LOW HITPOINT WARNING * * *
Casting: Magic Dart (safe; 7% risk of failure)
Confirm with . or Enter, or press ? or * to list all spells.
Aiming: Magic Dart (safe; 7% risk of failure)
Press: ? - help, Shift-Dir - straight line, f/p - white imp
Aim: a white imp (heavily wounded, weak, 100% to hit)
The magic dart hits the white imp but does no damage.
The white imp is heavily wounded.
The white imp closely misses you.
Casting: Magic Dart (safe; 7% risk of failure)
Confirm with . or Enter, or press ? or * to list all spells.
Aiming: Magic Dart (safe; 7% risk of failure)
Press: ? - help, Shift-Dir - straight line, f/p - white imp
Aim: a white imp (heavily wounded, weak, 100% to hit)
The magic dart hits the white imp.
The white imp is severely wounded.
The white imp gestures at you. The puff of frost hits you!
You die...

... #########
....
#.......##....
#......[#.....
#.........#...
#....>........
#...........#
#.....@5###.#
#.......#
#.......#
#.......#
#.......#
#.......#
#########


You could see a white imp (weak).

Vanquished Creatures
  A hound (D:5)
  An adder (D:2)
  2 ufetubi (D:5)
  3 dart slugs
  5 ball pythons
  4 endoplasms
  A giant cockroach (D:2)
  7 goblins
  6 hobgoblins
  2 jackals (D:1)
  2 kobolds
  2 quokkas (D:2)
  7 bats
  2 frilled lizards
  6 rats
51 creatures vanquished.

Notes
Turn   | Place    | Note
-------+----------+-------------------------------------------
     0 | D:1      | Esekla the Formicid Hedge Wizard began the quest for the
                  | Orb.
     0 | D:1      | Reached XP level 1. HP: 13/13 MP: 4/4
   150 | D:1      | You fall into a shaft and drop 1 floor!
   260 | D:2      | Reached XP level 2. HP: 15/20 MP: 4/6
   319 | D:2      | Reached skill level 1 in Conjurations
   362 | D:2      | Found Exzepick's Magic Scroll Emporium.
   365 | D:2      | Bought a scroll of noise for 10 gold pieces
   588 | D:1      | You fall into a shaft and drop 1 floor!
   884 | D:2      | Reached skill level 1 in Short Blades
   884 | D:2      | Reached XP level 3. HP: 25/25 MP: 4/8
   889 | D:2      | Learned a level 3 spell: Mephitic Cloud
  1601 | D:3      | Reached skill level 1 in Alchemy
  1725 | D:1      | Reached XP level 4. HP: 22/31 MP: 9/9
  1909 | D:1      | Reached skill level 1 in Fighting
  2320 | D:2      | Learned a level 2 spell: Mercury Vapours
  2362 | D:3      | You fall into a shaft and drop 3 floors!
  2466 | D:7      | Found a shimmering blue altar of Sif Muna.
  2492 | D:7      | Found Jeschym's Jewellery Emporium.
  2546 | D:6      | Found an ornate altar of the Wu Jian Council.
  2609 | D:6      | Noticed a lemure
  2609 | D:6      | Noticed a lemure
  2703 | D:5      | Entered Level 5 of the Dungeon
  2712 | D:5      | Reached skill level 4 in Spellcasting
  2712 | D:5      | Reached XP level 5. HP: 34/37 MP: 5/11
  2834 | D:5      | Killed from afar by a white imp

Illustrated notes

Levels and vault maps discovered:
D:1:      roadster_arrival_rocket_large, layout_rooms,
          chequers_serial_rivers_micro_b, hangedman_decor_clover_reticule
D:2:      layout_basic, serial_shops, nicolae_shop_rolled_up
D:3:      layout_loops_ring, amcnicky_altar_gilded,
          dreamdust_ecumenical_altar_hidden_monk_grotto, hangedman_decor_push,
          st_stairs_7
D:5:      layout_basic, fiery_altar_vehumet, grunt_ministairs_13,
          nicolae_shop_clearance
D:6:      layout_loops_ring, nzn_wu_jian_council_hall, temple_hall,
          minmay_hedge_maze, uniq_pikel
D:7:      layout_cave_pools, lemuel_crystal_altar,
          nicolae_overflow_crystal_walls, evilmike_ruin_ashenzari,
          serial_column_ruins, column_ruins_hut, column_ruins_grid_1,
          column_ruins_columns_T, column_ruins_columns_straight,
          column_ruins_open_tiny, column_ruins_columns_T, serial_shops,
          nicolae_square_shop

Skill      XL: |  1  2  3  4  5 |
---------------+----------------+-----
Conjurations   | 1 |  1.2
Short Blades   | 1 |  1.4
Alchemy        | 1 |  1.2
Fighting       | 1 |  1.2
Dodging        | 2 |  2.0
Spellcasting   | 4 |  4.0
Stealth        | 3 |  3.0
Armour         | |  0.5
Summonings     | |  1.0
Translocations | |  0.8
Air Magic      | |  0.9

Action                     |  1- 3 |  4- 6 || total
---------------------------+-------+-------++-------
  Melee: Dagger            |    97 |    85 ||   182
         Punch             |     1 |     1 ||     2
   Cast: Magic Dart        |    28 |    25 ||    53
         Mercury Vapours   |       |     7 ||     7
Ability: Shaft Self        |     2 |     1 ||     3
   Stab: Sleeping          |     3 |     1 ||     4
 Armour: Robe              |    59 |    51 ||   110
  Dodge: Dodged            |    56 |    70 ||   126
         Repelled          |       |     3 ||     3
